 Dungeon Crawl Stone Soup version 0.30-a0-367-g839099abd5 (webtiles) character file.

Game seed: 6370534093426817614

62 MrRokkomies the Insei (level 4, -2/37 HPs)
             Began as a Meteoran Transmuter on Nov 18, 2022.
             Was an Initiate of Wu Jian.
             Slain by a worm (9 damage)
             ... on level 3 of the Dungeon.
             The game lasted 00:02:55 (1029 turns).

MrRokkomies the Insei (Meteoran Transmuter)         Turns: 1029, Time: 00:02:56

Health: -2/37      AC:  2    Str: 11    XL:     4   Next: 53%
Magic:  8/9        EV: 13    Int: 15    God:    Wu Jian [......]
Gold:   95         SH:  0    Dex: 16    Spells: 7/8 levels left

rFire   . . .      SeeInvis .      - Unarmed
rCold   . . .      Faith    .    (no shield)
rNeg    . . .      Spirit   .    a - +0 robe
rPois   .          Reflect  .    (no helmet)
rElec   .          Harm     .    (no cloak)
rCorr   .          Rampage  .    (no gloves)
Will    .....                    (no boots)
Stlth   +.........               (no amulet)
HPRegen 0.26/turn                (no ring)
MPRegen 0.11/turn                (no ring)

@: very slightly contaminated, glowing
A: sense surroundings 1, otherworldly, glowing, explore regen
a: Renounce Religion


You were on level 3 of the Dungeon.
You worshipped Wu Jian.
Wu Jian was noncommittal.
You visited 1 branch of the dungeon, and saw 3 of its levels.

You collected 95 gold pieces.

Inventory:

Missiles
 d - 6 javelins
 e - 6 poisoned darts
Armour
 a - a +0 robe (worn)
Potions
 b - a potion of lignification
 c - 3 potions of brilliance
 f - a potion of resistance {unknown}
 i - a potion of attraction {unknown}
 j - 2 potions of might


   Skills:
 * Level 2.4 Fighting
 + Level 3.0 Dodging
 * Level 4.5 Unarmed Combat
 - Level 2.6 Spellcasting
 + Level 3.0 Transmutations


You had 7 spell levels left.
You knew the following spells:

 Your Spells              Type           Power      Damage    Failure   Level
a - Beastly Appendage     Tmut           22%        N/A       6%          1

Your spell library contained the following spells:

 Spells                   Type           Power      Damage    Failure   Level
 Wereblood                Tmut           11%        N/A       9%          2
 Spider Form              Tmut/Pois      6%         N/A       32%         3
 Ice Form                 Ice/Tmut       6%         N/A       73%         4


Dungeon Overview and Level Annotations

Branches:
Dungeon (3/15) Zot: 779

Altars:
Wu Jian

Shops:
D:1 =


Innate Abilities, Weirdness & Mutations

You passively map a small area around you.
You are easily found by Zot.
You glow in the dark.
You regain HP and MP as you explore.


Message History

You kill the adder!
The Council accepts your kill.
You feel sick.
You hit the worm but do no damage.
You feel sick. The worm bites you!
You hit the worm but do no damage. You claw the worm.
Your headbutt misses the worm.
The worm is lightly wounded.
The worm bites you but does no damage.
You hit the worm.
The worm is moderately wounded.
You feel sick.
You are no longer poisoned.
You hit the worm. Your kick misses the worm.
The worm is severely wounded.
The worm bites you.
* * * LOW HITPOINT WARNING * * *
Your horns disappear.
Your talons disappear.
You are too injured to fight recklessly!
Casting: Beastly Appendage (safe; 6% risk of failure)
Confirm with . or Enter, or press ? or * to list all spells.
You miscast Beastly Appendage.
You are very lightly contaminated with residual magic.
Nothing appears to happen.
You hit the worm.
The worm is lightly wounded.
You hit the worm but do no damage.
The worm is lightly wounded.
The worm bites you.
You hit the worm.
The worm is moderately wounded.
You hit the worm but do no damage.
The worm is moderately wounded.
The worm bites you!
* * * LOW HITPOINT WARNING * * *
You hit the worm.
The worm is moderately wounded.
You hit the worm.
The worm is moderately wounded.
The worm bites you!
You die...

# #.##>## #.#####.#.# # #.####
#.......#.# ########.#
###****####.####.# w........#
#..,........# #.# #######..#
#.#*######### #.# #..# #.# #.#
#..####.# #.#
#######.....).#### *,*
...............w@###########.#
################.............#
###############


You could see a worm.

Vanquished Creatures
  An adder (D:3)
  3 dart slugs
  3 endoplasms
  6 goblins
  2 hobgoblins (D:2)
  3 jackals (D:2)
  4 kobolds (D:2)
  5 quokkas (D:2)
  3 ball pythons
  A bat (D:2)
  9 frilled lizards
  6 rats
46 creatures vanquished.

Vanquished Creatures (others)
  11 plants (D:1)
11 creatures vanquished.

Grand Total: 57 creatures vanquished

Notes
Turn   | Place    | Note
-------+----------+-------------------------------------------
     0 | D:1      | MrRokkomies the Meteoran Transmuter began the quest for the
                  | Orb.
     0 | D:1      | Reached XP level 1. HP: 16/16 MP: 5/5
   106 | D:1      | Found Atweh's Jewellery Emporium.
   230 | D:1      | Reached XP level 2. HP: 23/23 MP: 6/6
   300 | D:1      | Reached skill level 4 in Unarmed Combat
   361 | D:1      | Reached XP level 3. HP: 29/29 MP: 8/8
   565 | D:2      | Reached XP level 4. HP: 22/36 MP: 9/9
   723 | D:2      | Found an ornate altar of the Wu Jian Council.
   730 | D:2      | Became a worshipper of the Wu Jian Council
  1029 | D:3      | Slain by a worm

Illustrated notes

Levels and vault maps discovered:
D:1:      eino_arrival_water_star, layout_loops_corners, serial_shops, shop,
          minmay_lizard_king
D:2:      layout_loops_ring, basic_altar
D:3:      minmay_thinvault, layout_loops_ring, ebering_ghost_rock_garden,
          uniq_jessica

Skill      XL: |  1  2  3  4 |
---------------+-------------+-----
Unarmed Combat | 4 |  4.5
Fighting       | 2 |  2.4
Dodging        | 3 |  3.0
Transmutations | 3 |  3.0
Spellcasting   | |  2.6

Action                   |  1- 3 |  4- 6 || total
-------------------------+-------+-------++-------
Melee: Unarmed           |    78 |    46 ||   124
       Kick              |    16 |     3 ||    19
       Headbutt          |     5 |     1 ||     6
       Punch             |     1 |       ||     1
 Cast: Beastly Appendage |    15 |     4 ||    19
  Use: Scroll            |     2 |     4 ||     6
Armor: Robe              |    17 |     8 ||    25
Dodge: Dodged            |    34 |    20 ||    54

Table legend: (Time is in decaauts)
 A = Elapsed time spent in this place.
 B = Non-inter-level travel time spent in this place.
 C = Inter-level travel time spent in this place.
 D = Time resting spent in this place.
 E = Time spent auto-exploring this place.
 F = Levels seen in this place.
 G = Mean time per level.
                   A        B        C        D        E       F      G
               +--------+--------+--------+--------+--------+-----+--------+
         Total |   1019 |    934 |     85 |      0 |    601 |   3 |  339.7 |
       Dungeon |   1019 |    934 |     85 |      0 |    601 |   3 |  339.7 |
               +--------+--------+--------+--------+--------+-----+--------+

Top non-repeatable levels by time:
     D:1: 394 daAuts
     D:2: 378 daAuts
     D:3: 246 daAuts
